[Event "Titled Tuesday Blitz February 21 Early 2023"]
[White "Aslanov, Umid"]
[Black "Skliarov, Viktor"]
[WhiteFideId "13412620"]
[BlackFideId "14106736"]
[WhiteElo "2273"]
[BlackElo "2383"]
[Result "0-1"]
[Round "05"]
[TimeControl "180+2"]
[Date "2023.02.21"]
[WhiteClock "0:00:06"]
[BlackClock "0:00:06"]

1. e4 c5 2. Nf3 Nc6 3. d4 cxd4 4. Nxd4 Nf6 5. Nc3 e5 6. Ndb5 d6 7. Bg5 a6 8. Na3 b5 9. Nd5 Be7 10. Bxf6 Bxf6 11. c3 Bg5 12. Nc2 O-O 13. a4 bxa4 14. Rxa4 a5 15. Bc4 Rb8 16. b3 g6 17. O-O Kh8 18. Qd3 f5 19. Rd1 fxe4 20. Qxe4 Bf5 21. Qe2 Bd7 22. Nde3 Qf6 23. Ra2 e4 24. Nd4 Ne5 25. Bd5 Nd3 26. Rf1 Nf4 27. Qd1 Nxd5 28. Nxd5 Qf7 29. Rxa5 Bd8 30. Ra7 Qxd5 31. Rxd7 Bf6 32. Qd2 Bg5 33. Qb2 e3 34. c4 Qe5 35. f4 Rxf4 36. Rxf4 Bxf4 37. Qc3 Bxh2+ 38. Kh1 Rf8 39. g4 Qe4+ 40. Nf3+ Be5 0-1


[Site "https://www.chess.com"]

[Event "Titled Tuesday Blitz February 21 Early 2023"]
[White "Stijve, Theo"]
[Black "Delorme, Axel"]
[WhiteFideId "1331132"]
[BlackFideId "632023"]
[WhiteElo "2351"]
[BlackElo "2483"]
[Result "1-0"]
[Round "05"]
[TimeControl "180+2"]
[Date "2023.02.21"]
[WhiteClock "0:00:41"]
[BlackClock "0:00:03"]

1. e4 c5 2. Nf3 d6 3. d4 cxd4 4. Nxd4 Nf6 5. Nc3 a6 6. Be3 e5 7. Nb3 Be6 8. f3 Be7 9. Qd2 O-O 10. O-O-O Nbd7 11. g4 b5 12. g5 b4 13. gxf6 bxc3 14. Qxc3 Nxf6 15. Na5 Qd7 16. Nc6 Rfc8 17. Nxe7+ Qxe7 18. Qa5 Qc7 19. Qxc7 Rxc7 20. Rxd6 Bxa2 21. Rxa6 Rxa6 22. Bxa6 Bb3 23. Bd3 Nd7 24. Kd2 Be6 25. Ra1 f6 26. Ra7 Rc8 27. b4 h5 28. b5 Kh7 29. c4 h4 30. b6 Nxb6 31. Bxb6 Bxc4 32. Rc7 Rb8 33. Bxc4 Rxb6 34. Bd5 Rb2+ 35. Rc2 Rxc2+ 36. Kxc2 Kh6 37. Kd3 Kg5 38. Ke3 g6 39. Be6 Kh6 40. Kf2 Kg5 41. Bf7 f5 42. Ke3 Kf6 43. Be8 Kg5 44. Kd3 Kf6 45. Kc4 fxe4 46. fxe4 g5 47. Bd7 Kg6 48. Kd5 Kh5 49. h3 1-0


[Site "https://www.chess.com"]

[Event "Titled Tuesday Blitz February 21 Early 2023"]
[White "Zaichenko, Daria"]
[Black "Budisavljevic, Luka"]
[WhiteFideId "4197453"]
[BlackFideId "960047"]
[WhiteElo "2104"]
[BlackElo "2488"]
[Result "0-1"]
[Round "05"]
[TimeControl "180+2"]
[Date "2023.02.21"]
[WhiteClock "0:00:03"]
[BlackClock "0:00:06"]

1. e4 e6 2. d4 d5 3. Bd3 dxe4 4. Bxe4 Nf6 5. Bf3 c5 6. Ne2 Be7 7. Be3 cxd4 8. Bxd4 O-O 9. O-O Nbd7 10. Bc3 Qc7 11. Ng3 Nb6 12. Re1 Bd7 13. Be5 Qc8 14. b3 Bc6 15. c4 Rd8 16. Qc2 Bxf3 17. gxf3 Qc6 18. Ne4 Nfd7 19. Bb2 Nd5 20. Nbc3 Nf4 21. Ne2 Ng6 22. Nd4 Qc7 23. Ng3 Nde5 24. Kg2 Nh4+ 25. Kh1 Bf6 26. Re3 Neg6 27. Nb5 Qe7 28. Rg1 a6 29. Nc3 Bd4 30. Rd3 Ne5 31. Rxd4 Rxd4 32. Nce2 Nexf3 33. Nxd4 Nxg1 34. Kxg1 Qf6 35. Ndf5 Nf3+ 36. Kh1 Qg5 37. h4 Qg4 38. Kg2 exf5 39. Qc3 Nxh4+ 40. Kh2 f4 0-1


[Site "https://www.chess.com"]

[Event "Titled Tuesday Blitz February 21 Early 2023"]
[White "Pranav, V"]
[Black "Kouskoutis, Georgios-Alexandros"]
[WhiteFideId "25060783"]
[BlackFideId "4234049"]
[WhiteElo "2597"]
[BlackElo "2295"]
[Result "1-0"]
[Round "05"]
[TimeControl "180+2"]
[Date "2023.02.21"]
[WhiteClock "0:02:12"]
[BlackClock "0:00:03"]

1. Nf3 d5 2. g3 Nc6 3. d4 Bg4 4. Bg2 Qd7 5. c4 e6 6. cxd5 exd5 7. O-O O-O-O 8. Nc3 Bh3 9. Bf4 Bxg2 10. Kxg2 Nf6 11. Rc1 Bd6 12. Bxd6 Qxd6 13. Qa4 a6 14. a3 Ne4 15. b4 Nxc3 16. Rxc3 Na7 17. Rfc1 Nb5 18. Rc5 f6 19. Qb3 Kb8 20. a4 Na7 21. Rxc7 Qxc7 22. Rxc7 Kxc7 23. Ne1 Kb8 24. Nd3 Rhe8 25. e3 Nc8 26. b5 Ka7 27. Nf4 Nb6 28. bxa6 bxa6 29. a5 Nc4 30. Nxd5 Rxd5 31. Qxc4 Rd7 32. Qc6 Red8 33. Qb6+ Ka8 34. Qxa6+ Ra7 35. Qd3 Rd5 36. Qxh7 Rdxa5 37. Qg8+ Kb7 38. Qxg7+ Ka8 39. Qxf6 Ra2 40. h4 Rb7 41. h5 Rb1 42. h6 Raa1 43. h7 Rg1+ 44. Kf3 1-0


[Site "https://www.chess.com"]

[Event "Titled Tuesday Blitz February 21 Early 2023"]
[White "Womacka, Mathias"]
[Black "Nihal Sarin"]
[WhiteFideId "4611390"]
[BlackFideId "25092340"]
[WhiteElo "2396"]
[BlackElo "2673"]
[Result "0-1"]
[Round "05"]
[TimeControl "180+2"]
[Date "2023.02.21"]
[WhiteClock "0:01:30"]
[BlackClock "0:02:31"]

1. e4 g6 2. d4 Bg7 3. Nc3 d6 4. f4 Nf6 5. Nf3 O-O 6. Bd3 Na6 7. O-O c5 8. d5 Bg4 9. Bc4 Nc7 10. a4 Nd7 11. h3 Bxf3 12. Qxf3 a6 13. Qd3 Rb8 14. a5 b5 15. axb6 Nxb6 16. Bxa6 Ra8 17. Bd2 Rxa6 18. Rxa6 c4 19. Qe2 Nxa6 20. Be3 Nc5 21. Bxc5 dxc5 22. e5 Nxd5 23. Qxc4 Ne3 0-1


[Site "https://www.chess.com"]

[Event "Titled Tuesday Blitz February 21 Early 2023"]
[White "Kramnik, Vladimir"]
[Black "Golubev, Mikhail"]
[WhiteFideId "4101588"]
[BlackFideId "14100983"]
[WhiteElo "2753"]
[BlackElo "2461"]
[Result "1-0"]
[Round "05"]
[TimeControl "180+2"]
[Date "2023.02.21"]
[WhiteClock "0:00:15"]
[BlackClock "0:00:01"]

1. Nf3 d6 2. d4 Nf6 3. g3 g6 4. Bg2 Bg7 5. O-O O-O 6. Re1 Nbd7 7. e4 e5 8. Nc3 Re8 9. h3 b6 10. d5 a5 11. Bg5 h6 12. Be3 Nc5 13. Nd2 Nfd7 14. a3 a4 15. b4 axb3 16. cxb3 f5 17. exf5 gxf5 18. Qc2 Rf8 19. f4 e4 20. Bf1 Qf6 21. Nb5 Qg6 22. Kh2 Nf6 23. Bc4 Nh5 24. Nf1 Bxa1 25. Rxa1 Rf7 26. b4 Nd3 27. Nd4 Rg7 28. Bxd3 exd3 29. Qg2 Bb7 30. Bd2 Re8 31. Re1 Rxe1 32. Bxe1 Qf7 33. Ne3 Nxf4 34. Qf3 Nxd5 35. Nexf5 Ne7 36. Nxh6+ Kf8 37. Ne6+ Ke8 38. Qxf7+ Rxf7 39. Nxc7+ Kd7 40. Nxf7 Kxc7 41. g4 Nc6 42. Ng5 Nd4 43. Kg3 Kd7 44. h4 Ne6 45. Nxe6 1-0


[Site "https://www.chess.com"]

[Event "Titled Tuesday Blitz February 21 Early 2023"]
[White "Kamsky, Gata"]
[Black "Buchenau, Frank"]
[WhiteFideId "2000024"]
[BlackFideId "4604350"]
[WhiteElo "2665"]
[BlackElo "2222"]
[Result "1-0"]
[Round "05"]
[TimeControl "180+2"]
[Date "2023.02.21"]
[WhiteClock "0:00:23"]
[BlackClock "0:00:01"]

1. e4 e6 2. d4 d5 3. e5 c5 4. c3 Qb6 5. Nf3 Bd7 6. Be2 cxd4 7. cxd4 Bb5 8. O-O Bxe2 9. Qxe2 Nc6 10. Be3 Nge7 11. Nc3 Nf5 12. Rad1 Be7 13. g4 Nxe3 14. fxe3 O-O 15. h4 f6 16. exf6 Rxf6 17. g5 Rf7 18. Rf2 Raf8 19. Rdf1 Bd6 20. Kg2 g6 21. Nd1 e5 22. Nc3 e4 23. Nh2 Bxh2 24. Rxf7 Rxf7 25. Rxf7 Kxf7 26. Qf2+ Kg8 27. Nxd5 Qa5 28. Nf6+ Kg7 29. Kxh2 Qxa2 30. Nxe4 Qd5 31. Qf6+ Kg8 32. Nc5 Qc4 33. Qe6+ Qxe6 34. Nxe6 a5 35. d5 Ne5 36. Kg3 b5 37. Nd4 b4 38. b3 Kf7 39. Kf4 Nd3+ 40. Kf3 Nc5 41. e4 Nxb3 42. Nxb3 a4 43. Nc5 a3 44. Nb3 1-0


[Site "https://www.chess.com"]

[Event "Titled Tuesday Blitz February 21 Early 2023"]
[White "Ramirez Allo, Eduardo"]
[Black "Pakleza, Zbigniew"]
[WhiteFideId "2224178"]
[BlackFideId "1119290"]
[WhiteElo "2274"]
[BlackElo "2494"]
[Result "1-0"]
[Round "05"]
[TimeControl "180+2"]
[Date "2023.02.21"]
[WhiteClock "0:00:33"]
[BlackClock "0:00:02"]

1. Nf3 d5 2. c4 c6 3. d4 Nf6 4. Qc2 Bg4 5. Nbd2 e6 6. e3 Nbd7 7. Bd3 Bd6 8. O-O Bh5 9. a3 Rc8 10. b4 O-O 11. h3 Bg6 12. Bb2 a6 13. Rfc1 b5 14. Bxg6 hxg6 15. c5 Bb8 16. a4 Re8 17. axb5 axb5 18. Ra6 e5 19. dxe5 Nxe5 20. Nxe5 Bxe5 21. Bxe5 Rxe5 22. Nf3 Re7 23. Nd4 Rec7 24. Rca1 Ne4 25. Ra7 Kh7 26. Rxc7 Qxc7 27. Ra6 Qb7 28. Qa2 Qd7 29. Ra7 Qe8 30. Qa6 Nc3 31. Rxf7 Ra8 32. Ra7 Rxa7 33. Qxa7 Qe4 34. Qd7 Qb1+ 35. Kh2 Qe4 36. Qg4 Qe5+ 37. Qg3 Qf6 38. Kg1 1-0


[Site "https://www.chess.com"]

[Event "Titled Tuesday Blitz February 21 Early 2023"]
[White "Liyanage, Ranindu Dilshan"]
[Black "Zhukova, Natalia"]
[WhiteFideId "9915834"]
[BlackFideId "14101513"]
[WhiteElo "2342"]
[BlackElo "2324"]
[Result "1-0"]
[Round "05"]
[TimeControl "180+2"]
[Date "2023.02.21"]
[WhiteClock "0:00:14"]
[BlackClock "0:00:05"]

1. d4 Nf6 2. Nc3 d5 3. Bf4 e6 4. Nb5 Bb4+ 5. c3 Ba5 6. a4 a6 7. b4 Bxb4 8. cxb4 axb5 9. axb5 Rxa1 10. Qxa1 Nh5 11. Bd2 O-O 12. Nf3 Nd7 13. e3 Nb6 14. Bd3 Nc4 15. Bc1 Nd6 16. Ne5 f6 17. Nf3 g6 18. O-O Bd7 19. b6 c6 20. Qa7 Rf7 21. Bd2 Be8 22. Rc1 Rd7 23. b5 Nc8 24. Qb8 Nxb6 25. Qxd8 Rxd8 26. Ba5 Ra8 27. Bxb6 Ra3 28. Bf1 Ng7 29. Bd8 Kf7 30. bxc6 Bxc6 31. Bb6 Nf5 32. Bc5 Ra2 33. g4 Ne7 34. Rb1 h5 35. g5 Nf5 36. gxf6 Kxf6 37. Bh3 g5 38. Bxf5 Kxf5 39. Ne5 Ba4 40. Rxb7 g4 41. Rf7+ Ke4 42. Rf4# 1-0


[Site "https://www.chess.com"]

[Event "Titled Tuesday Blitz February 21 Early 2023"]
[White "Sanchez, Robert"]
[Black "Iskusnyh, Sergei"]
[WhiteFideId "2034360"]
[BlackFideId "4120027"]
[WhiteElo "1966"]
[BlackElo "2440"]
[Result "0-1"]
[Round "05"]
[TimeControl "180+2"]
[Date "2023.02.21"]
[WhiteClock "0:00:14"]
[BlackClock "0:00:13"]

1. e4 e6 2. d4 d5 3. Nc3 Nf6 4. Bg5 dxe4 5. Nxe4 Nbd7 6. Bd3 h6 7. Nxf6+ Nxf6 8. Be3 Bd6 9. h3 Nd5 10. Bd2 c5 11. Qg4 O-O 12. dxc5 Bxc5 13. O-O-O Qf6 14. Nf3 Ba3 15. c3 Nxc3 16. bxa3 Nxd1 17. Kxd1 Bd7 18. Qe4 Qf5 19. Qe3 Ba4+ 20. Ke2 Bb5 21. Rc1 Rad8 22. Bxb5 Qxb5+ 23. Ke1 Rd5 24. Qe2 Qa4 25. Qe3 Rfd8 26. g4 Rd3 27. Qe2 Qxa3 28. Ng5 hxg5 29. Bxg5 Qa5+ 30. Kf1 Qxg5 0-1


[Site "https://www.chess.com"]

[Event "Titled Tuesday Blitz February 21 Early 2023"]
[White "TheKnightOfBosnia"]
[Black "Shohat, Yotam"]
[BlackFideId "2813955"]
[WhiteElo "2616"]
[BlackElo "2346"]
[Result "1-0"]
[Round "05"]
[TimeControl "180+2"]
[Date "2023.02.21"]
[WhiteClock "0:00:13"]
[BlackClock "0:00:03"]

1. e4 g6 2. d4 Nf6 3. Bd3 d6 4. h3 c5 5. c3 Bg7 6. Nf3 O-O 7. O-O Nc6 8. Re1 e5 9. dxe5 Nxe5 10. Nxe5 dxe5 11. a4 c4 12. Bxc4 Qxd1 13. Rxd1 Nxe4 14. Nd2 Rd8 15. f3 Ng3 16. Kf2 Nf5 17. Re1 Bf6 18. g3 Nd6 19. Bf1 Be6 20. Ne4 Nxe4+ 21. Rxe4 Rd1 22. Re1 Rad8 23. Be3 Rxa1 24. Rxa1 a6 25. h4 Be7 26. Be2 Bb3 27. Ke1 f5 28. Bd1 Bd5 29. f4 e4 30. b4 Bc4 31. Bd4 Bxb4 32. Rb1 a5 33. cxb4 Rxd4 34. bxa5 Ba6 35. Rb3 Rxa4 36. Rxb7 Rxa5 37. Ra7 Ra3 38. Kf2 Kh8 39. Be2 Ra2 40. Rxa6 Rxa6 41. Bxa6 Kg7 42. Ke3 h6 43. Kd4 g5 44. hxg5 hxg5 45. Ke5 Kg6 46. Bc8 e3 47. Bxf5+ Kh5 48. Bd3 Kg4 49. Be2+ Kxg3 50. fxg5 Kf2 51. Bh5 1-0


[Site "https://www.chess.com"]

[Event "Titled Tuesday Blitz February 21 Early 2023"]
[White "Degenbaev, Aziz"]
[Black "Aydincelebi, Kagan"]
[WhiteFideId "13802640"]
[BlackFideId "6361102"]
[WhiteElo "2203"]
[BlackElo "2280"]
[Result "1-0"]
[Round "05"]
[TimeControl "180+2"]
[Date "2023.02.21"]
[WhiteClock "0:00:05"]
[BlackClock "0:00:12"]

1. e4 c5 2. Nf3 Nc6 3. Bb5 g6 4. O-O Bg7 5. c3 e5 6. d4 exd4 7. cxd4 cxd4 8. Bf4 Nge7 9. Bd6 a6 10. Bd3 O-O 11. Nbd2 Re8 12. b4 b6 13. Qb3 h6 14. Bc4 Rf8 15. a4 Bb7 16. Rac1 Na7 17. Bc7 Qe8 18. Bxb6 Nac6 19. Bc5 Kh7 20. Rfe1 Qb8 21. e5 Qe8 22. Bd6 Nd8 23. Nxd4 Ne6 24. N4f3 Rg8 25. Ne4 Nf5 26. Rcd1 Rc8 27. Bd5 Bxd5 28. Qxd5 Rc2 29. Qd3 Qc8 30. Nc5 Ra2 31. Nxe6 dxe6 32. Nd4 Rd8 33. Rc1 Qb7 34. Nxf5 exf5 35. Qb3 Rd2 36. Rc7 Qd5 37. Qxd5 Rxd5 38. h3 Kg8 39. Rb1 Ra8 40. f4 Bf8 41. Bxf8 Kxf8 42. b5 axb5 43. axb5 Rb8 44. b6 Rd4 45. b7 Rdd8 46. Kf2 Ke8 47. Ke3 Kf8 48. Rb6 Ke8 49. Rf6 Rd7 50. Rc8+ Rd8 51. Rc7 Rd7 52. Rxd7 Kxd7 53. Rxf7+ Ke6 54. Rf6+ Ke7 55. Rxg6 Kf7 56. Rxh6 Kg7 57. Rb6 Rxb7 58. Rxb7+ 1-0


[Site "https://www.chess.com"]

[Event "Titled Tuesday Blitz February 21 Early 2023"]
[White "Mazurkiewicz, Michal"]
[Black "Spata, German"]
[WhiteFideId "1124943"]
[BlackFideId "113026"]
[WhiteElo "2145"]
[BlackElo "2383"]
[Result "0-1"]
[Round "05"]
[TimeControl "180+2"]
[Date "2023.02.21"]
[WhiteClock "0:00:03"]
[BlackClock "0:00:26"]

1. e4 e6 2. d3 c5 3. Nd2 Nc6 4. Ngf3 g6 5. g3 Bg7 6. Bg2 Nge7 7. O-O O-O 8. Re1 e5 9. Nc4 d6 10. a4 h6 11. c3 Be6 12. a5 Bxc4 13. dxc4 Nxa5 14. Qa4 b6 15. Rd1 Qc7 16. Nd2 Rfd8 17. b4 cxb4 18. cxb4 Nxc4 19. Qc2 Rac8 20. Bf1 d5 21. exd5 Nxd2 22. Qxc7 Rxc7 23. Bxd2 Nxd5 24. Bg2 Rcd7 25. Be1 e4 26. Ra2 f5 27. Bf1 Kh7 28. Bb5 Rd6 29. Rxa7 Nf6 30. Rc1 Rd1 31. Rxd1 Rxd1 32. Kf1 Nd5 0-1


[Site "https://www.chess.com"]

[Event "Titled Tuesday Blitz February 21 Early 2023"]
[White "Goltseva, Ekaterina"]
[Black "Souleidis, Georgios"]
[WhiteFideId "24173770"]
[BlackFideId "4206827"]
[WhiteElo "2283"]
[BlackElo "2419"]
[Result "0-1"]
[Round "05"]
[TimeControl "180+2"]
[Date "2023.02.21"]
[WhiteClock "0:00:03"]
[BlackClock "0:00:09"]

1. d4 Nf6 2. Nf3 g6 3. c4 Bg7 4. Nc3 O-O 5. e4 d6 6. Be2 e5 7. O-O Bg4 8. d5 a5 9. Be3 Na6 10. h3 Bd7 11. Ne1 Nc5 12. Qc2 Ne8 13. Nd3 b6 14. b3 f5 15. Nxc5 bxc5 16. f4 exf4 17. Bxf4 fxe4 18. Rae1 Bd4+ 19. Kh1 Qh4 20. Bh2 Nf6 21. Bd1 Rae8 22. Ne2 Be5 23. Nf4 g5 24. Ne6 Bxe6 25. dxe6 Rxe6 26. Qd2 Bxh2 27. Kxh2 Kg7 28. Rf5 Kg6 29. Ref1 e3 30. Qc2 Qe4 31. Qxe4 Rxe4 32. Bc2 e2 33. Bxe4 exf1=Q 34. Rxf1+ Kg7 35. Bf5 Nd7 36. g4 Ne5 37. Re1 h5 38. Kg3 h4+ 39. Kf2 Ra8 40. Re2 a4 41. Rb2 axb3 42. axb3 Rb8 43. Rb1 Kf6 44. Ke2 Ke7 45. Ke3 c6 46. Kd2 Ra8 47. Kc3 Ra2 48. Rb2 Rxb2 49. Kxb2 d5 50. cxd5 cxd5 51. Kc3 Kd6 52. Kd2 Kc6 53. Ke3 Kb5 54. Bc2 Kb4 55. Bd1 Kc3 56. Ke2 d4 57. Ke1 Nd3+ 58. Ke2 Nc1+ 59. Ke1 Nxb3 60. Be2 c4 61. Kd1 d3 62. Bf3 Nd4 63. Bd5 Kb4 64. Kd2 Kc5 65. Bf7 Nf3+ 66. Kc3 Ne5 67. Be6 Nf3 68. Bxc4 d2 69. Be2 Ng1 70. Bd1 Nxh3 71. Kxd2 Kd4 72. Ke2 Ke4 73. Kf1 Nf4 74. Kf2 Ne6 75. Bf3+ Kf4 76. Kg2 Ng7 77. Be2 Ne8 78. Kh3 Nf6 79. Bd1 Ke3 80. Ba4 Nd5 81. Bb3 Nf4+ 82. Kh2 Kf3 83. Bd1+ Kf2 84. Ba4 Ke2 85. Bb5+ Kf3 86. Bd7 Ng6 87. Bc8 Ne5 88. Kh3 Kf4 89. Be6 Nd3 90. Bc8 Nf2+ 91. Kg2 Nxg4 92. Kh3 Nf6 93. Bb7 Ne8 94. Bc8 Ng7 95. Bd7 Nh5 96. Bc6 Ng3 97. Bd7 Nf5 98. Bc8 g4+ 99. Kg2 Ne3+ 100. Kg1 Nd5 101. Bb7 Nf6 102. Bc6 Nh7 103. Kh2 Ng5 104. Bb7 Ke3 105. Kg2 Kf4 106. Kh2 Nf3+ 107. Kg2 Ne5 108. Ba8 Nc4 109. Bd5 Ne3+ 0-1


[Site "https://www.chess.com"]

[Event "Titled Tuesday Blitz February 21 Early 2023"]
[White "Arabidze, Meri"]
[Black "Balabayeva, Xeniya"]
[WhiteFideId "13604040"]
[BlackFideId "13719688"]
[WhiteElo "2441"]
[BlackElo "2191"]
[Result "0-1"]
[Round "05"]
[TimeControl "180+2"]
[Date "2023.02.21"]
[WhiteClock "0:00:03"]
[BlackClock "0:00:13"]

1. Nf3 d5 2. b3 Nf6 3. Bb2 e6 4. c4 c5 5. e3 Nc6 6. cxd5 Nxd5 7. Bb5 Bd7 8. O-O Be7 9. Bxg7 Rg8 10. Bb2 Bd6 11. Bd3 f5 12. Bc4 Nce7 13. Be5 Bc6 14. d4 Nxe3 15. fxe3 Bxe5 16. Bxe6 Rg6 17. Bf7+ Kxf7 18. Nxe5+ Kg7 19. Nxg6 Nxg6 20. dxc5 Qg5 21. Qe2 Re8 22. Qf2 Rxe3 23. Nd2 Nf4 24. h4 Qg4 25. Kh2 Rh3+ 26. Kg1 Ne2+ 27. Qxe2 Qxe2 28. Nf3 Bxf3 29. gxf3 Rg3+ 0-1


[Site "https://www.chess.com"]

[Event "Titled Tuesday Blitz February 21 Early 2023"]
[White "Volkov, Maksim"]
[Black "Poeta, Caio Medeiros"]
[WhiteFideId "54123070"]
[BlackFideId "2142660"]
[WhiteElo "2258"]
[BlackElo "2088"]
[Result "0-1"]
[Round "05"]
[TimeControl "180+2"]
[Date "2023.02.21"]
[WhiteClock "0:00:38"]
[BlackClock "0:00:33"]

1. e4 c6 2. d4 d5 3. e5 c5 4. dxc5 Nc6 5. Nf3 Bg4 6. Bb5 Qa5+ 7. Nc3 e6 8. Qd4 Bxf3 9. gxf3 Qxb5 10. Nxb5 Nxd4 11. Nxd4 Bxc5 12. Nb5 Kd7 13. Be3 a6 14. Bxc5 axb5 15. Rg1 g6 16. Rg4 Nh6 17. Rb4 Nf5 18. Be3 Kc6 19. a4 Rxa4 20. Raxa4 bxa4 21. Rxa4 h5 22. Kd2 Rc8 23. Kd3 Kb5 24. Ra7 Kc6 25. Ra5 b6 26. Ra7 Rc7 27. Ra8 Kb7 28. Rf8 b5 29. Bd2 Nh4 30. Ba5 Rd7 31. Ke3 Nf5+ 32. Kf4 Nd4 33. c3 Nc6 34. Bb4 Nxb4 35. cxb4 d4 0-1


[Site "https://www.chess.com"]

[Event "Titled Tuesday Blitz February 21 Early 2023"]
[White "Al-Tarboush, Ward"]
[Black "Andreev, Konstantin"]
[WhiteFideId "7601450"]
[BlackFideId "24239305"]
[WhiteElo "2256"]
[BlackElo "2195"]
[Result "1-0"]
[Round "05"]
[TimeControl "180+2"]
[Date "2023.02.21"]
[WhiteClock "0:02:07"]
[BlackClock "0:02:20"]

1. e4 c5 2. Nf3 e6 3. d4 cxd4 4. Nxd4 Nc6 5. Nc3 Qc7 6. Be3 a6 7. Qd2 b5 8. O-O-O Bb7 9. Ndxb5 axb5 10. Nxb5 Qa5 11. Qxd7# 1-0


[Site "https://www.chess.com"]

[Event "Titled Tuesday Blitz February 21 Early 2023"]
[White "Real_taiatai"]
[Black "Andreev, Eduard"]
[BlackFideId "14103400"]
[WhiteElo "2442"]
[BlackElo "2413"]
[Result "1/2-1/2"]
[Round "05"]
[TimeControl "180+2"]
[Date "2023.02.21"]
[WhiteClock "0:00:18"]
[BlackClock "0:00:05"]

1. d4 Nf6 2. c4 g6 3. Nc3 d5 4. Nf3 Bg7 5. cxd5 Nxd5 6. Bd2 O-O 7. e4 Nxc3 8. Bxc3 c5 9. d5 Bg4 10. Be2 Bxc3+ 11. bxc3 Bxf3 12. Bxf3 Qd6 13. Qe2 Nd7 14. g3 f5 15. exf5 Rxf5 16. O-O Raf8 17. Bg2 Nf6 18. c4 Re5 19. Qb2 b6 20. Rfe1 Ng4 21. f4 Re3 22. Bh3 Rxe1+ 23. Rxe1 Nf6 24. Re6 Qd8 25. Qe2 Rf7 26. Re3 Kg7 27. Be6 Rf8 28. Bh3 Rf7 29. Be6 Rf8 30. g4 Qd6 31. g5 Qxf4 32. gxf6+ Rxf6 33. Bh3 Qg5+ 34. Bg2 Rf7 35. Qb2+ Kg8 36. Qe2 Kg7 37. h3 Qh4 38. Qb2+ Kg8 39. Qe2 Qd4 40. Kh2 Qf4+ 41. Kg1 Qd4 42. Kh1 Qh4 43. Rf3 Rxf3 44. Qxf3 Qxc4 45. Qg4 Qxg4 46. hxg4 Kg7 47. g5 h6 48. gxh6+ Kxh6 49. Bh3 Kg5 50. Kg2 Kf4 51. Kf2 Ke4 52. Be6 Kd3 53. Kf3 c4 54. Kf4 c3 55. Bf7 Kd4 56. Bxg6 Kxd5 57. Ke3 Kc4 58. Bf7+ Kb4 59. Kd3 b5 60. Be6 a5 61. Kc2 a4 62. Kc1 Ka3 63. Kc2 b4 64. Bf7 e5 65. Bd5 b3+ 66. axb3 axb3+ 67. Kxc3 b2 68. Be4 b1=Q 69. Bxb1 e4 70. Bxe4 1/2-1/2


[Site "https://www.chess.com"]

[Event "Titled Tuesday Blitz February 21 Early 2023"]
[White "Wadsworth, Matthew J"]
[Black "Ouakhir, Pierre Mehdi"]
[WhiteFideId "415804"]
[BlackFideId "9000437"]
[WhiteElo "2428"]
[BlackElo "2212"]
[Result "1/2-1/2"]
[Round "05"]
[TimeControl "180+2"]
[Date "2023.02.21"]
[WhiteClock "0:00:04"]
[BlackClock "0:00:09"]

1. Nc3 Nf6 2. d4 d5 3. Bf4 Bf5 4. e3 e6 5. f3 h6 6. g4 Bh7 7. h4 Bd6 8. Nh3 a6 9. Bd3 c5 10. Ne2 Nc6 11. c3 Bxd3 12. Qxd3 e5 13. dxe5 Nxe5 14. Bxe5 Bxe5 15. O-O-O Qa5 16. g5 hxg5 17. hxg5 c4 18. Qf5 Nd7 19. g6 O-O-O 20. gxf7 Qxa2 21. Ng5 Rxh1 22. Rxh1 Qa1+ 23. Qb1 Qxb1+ 24. Kxb1 Rf8 25. Nd4 Bf6 26. Nde6 Bxg5 27. Nxg5 Ne5 28. Rh4 Kd7 29. Rf4 Ke7 30. Rf5 Nxf7 31. Rxd5 Nxg5 32. Rxg5 Rxf3 33. Rxg7+ Rf7 34. Rxf7+ Kxf7 35. Ka2 b5 36. Ka3 a5 37. b3 cxb3 38. Kxb3 Ke6 39. c4 b4 40. e4 Ke5 41. c5 Ke6 42. Kc4 Ke5 43. Kb3 Ke6 44. Ka4 Ke5 45. Kb3 1/2-1/2


[Site "https://www.chess.com"]

[Event "Titled Tuesday Blitz February 21 Early 2023"]
[White "Kejna, Piotr"]
[Black "Florescu, Codrut-Constantin"]
[WhiteFideId "21821704"]
[BlackFideId "1202200"]
[WhiteElo "2027"]
[BlackElo "2259"]
[Result "1-0"]
[Round "05"]
[TimeControl "180+2"]
[Date "2023.02.21"]
[WhiteClock "0:00:04"]
[BlackClock "0:00:11"]

1. e4 c5 2. b3 a6 3. Bb2 Nc6 4. f4 e6 5. Nf3 d5 6. exd5 exd5 7. Be2 Nf6 8. O-O Be7 9. Ne5 O-O 10. Bf3 Nd4 11. Nc3 Nxf3+ 12. Qxf3 Qd6 13. Rae1 b5 14. g4 Bb7 15. d4 Rab8 16. g5 Ne4 17. Nxe4 dxe4 18. Qe3 Rbd8 19. c3 cxd4 20. cxd4 Rc8 21. Re2 Bd5 22. Ng4 f6 23. h4 Qd7 24. Rg2 Kh8 25. h5 fxg5 26. fxg5 Rxf1+ 27. Kxf1 Qf5+ 28. Nf2 Rc2 29. Bc1 Qf3 30. Rg3 Qxe3 31. Bxe3 Rxa2 32. Rg4 Bd6 33. Nxe4 Ra1+ 34. Ke2 Be7 35. Nc5 a5 36. Rf4 Kg8 37. Rf5 Be6 38. Re5 Bg4+ 39. Kd3 Bxc5 40. dxc5 Bxh5 41. c6 Bg4 42. c7 a4 43. Re8+ Kf7 44. c8=Q Bxc8 45. Rxc8 axb3 46. Kc3 b2 47. Kxb2 Re1 48. Bd2 Re2 49. Kc1 Kg6 50. Rc6+ Kf5 51. Rb6 Re5 52. Rb7 Kg6 53. Rb6+ Kh5 54. Rb7 Kg6 55. Kc2 Rf5 56. Kc1 h5 57. gxh6 gxh6 58. Rb6+ Rf6 59. Rxb5 h5 60. Rg5+ Kf7 61. Rxh5 Rd6 62. Kd1 Ke6 63. Ke2 Rd5 64. Rh6+ Ke5 65. Rg6 Kf5 66. Rg5+ Ke4 67. Rg8 Re5 68. Be3 Kd5 69. Kd3 Ke6 70. Ra8 Rd5+ 71. Bd4 Rd7 72. Ke4 Kd6 73. Ra6+ Kc7 74. Be5+ Kb7 75. Rg6 Rd1 76. Bd4 Kc7 77. Kd5 Kb7 78. Rg7+ Ka6 79. Kc5 Rc1+ 80. Kd6 Kb5 81. Rb7+ Ka6 82. Ra7+ Kb5 83. Rb7+ Ka6 84. Rb6+ Ka5 85. Rb8 Ka6 86. Bc5 Ka5 87. Kc6 Ka4 88. Rb4+ Ka5 89. Rb3 Ra1 90. Rb8 Ka4 91. Ra8+ Kb3 92. Rxa1 Kb2 93. Ra5 Kb3 94. Rb5+ Kc4 95. Rb4+ Kc3 96. Rd4 1-0


[Site "https://www.chess.com"]

[Event "Titled Tuesday Blitz February 21 Early 2023"]
[White "Zacurdajev, Dmitry"]
[Black "Tologon tegin, Semetei"]
[WhiteFideId "4196309"]
[BlackFideId "13800574"]
[WhiteElo "2273"]
[BlackElo "2372"]
[Result "1-0"]
[Round "05"]
[TimeControl "180+2"]
[Date "2023.02.21"]
[WhiteClock "0:00:09"]
[BlackClock "0:00:03"]

1. d4 d5 2. c4 e6 3. Nc3 Nf6 4. Nf3 Nbd7 5. Bf4 Bb4 6. e3 O-O 7. Qc2 c5 8. a3 Qa5 9. Rc1 Bxc3+ 10. Qxc3 Qxc3+ 11. Rxc3 cxd4 12. exd4 dxc4 13. Bxc4 Nb6 14. Be5 Nxc4 15. Rxc4 Nd5 16. O-O Bd7 17. Rfc1 Bb5 18. Rc5 Be2 19. Nd2 b6 20. Rc6 Bb5 21. R6c2 Rfd8 22. b3 Bd3 23. Rc6 Bb5 24. R6c2 f6 25. Bg3 Ne7 26. Rc7 Nf5 27. a4 Be8 28. Nf3 Bh5 29. Rb7 Bxf3 30. gxf3 g5 31. Rcc7 h5 32. h4 gxh4 33. Bxh4 Rxd4 34. Bxf6 Rd3 35. f4 Rf8 36. Be5 Rfd8 37. Rh7 1-0


[Site "https://www.chess.com"]

[Event "Titled Tuesday Blitz February 21 Early 2023"]
[White "Ambartsumova, Karina"]
[Black "Bon, Michael"]
[WhiteFideId "4166299"]
[BlackFideId "620696"]
[WhiteElo "2393"]
[BlackElo "2394"]
[Result "1-0"]
[Round "05"]
[TimeControl "180+2"]
[Date "2023.02.21"]
[WhiteClock "0:00:42"]
[BlackClock "0:00:01"]

1. Nf3 d5 2. c4 d4 3. e3 Nc6 4. exd4 Nxd4 5. Nxd4 Qxd4 6. Nc3 Nf6 7. d3 Bf5 8. Be3 Qd7 9. d4 e6 10. Be2 Bd6 11. O-O O-O 12. h3 Rfd8 13. Qd2 Ne4 14. Nxe4 Bxe4 15. Rad1 Be7 16. Rfe1 Bf6 17. Bf1 c6 18. Bg5 Bxg5 19. Qxg5 Bg6 20. h4 h6 21. Qg4 Qc7 22. g3 Qb6 23. b3 Qa5 24. Qe2 Rd7 25. Rd2 Rad8 26. Red1 Qb4 27. Bg2 a5 28. Qe3 a4 29. Bf3 axb3 30. axb3 Re7 31. Kg2 Rde8 32. h5 Bh7 33. Qe5 Rd8 34. Qe3 Qd6 35. c5 Qd7 36. Qc3 Rde8 37. b4 Qc7 38. Qc4 Bf5 39. b5 e5 40. dxe5 cxb5 41. Qxb5 Rxe5 42. Rc1 Be4 43. Bxe4 Rxe4 44. Rd7 Qc6 45. Qxb7 Qe6 46. Rd2 Qf6 47. c6 Re2 48. Rxe2 Rxe2 49. Qb8+ Kh7 50. Qb1+ Kg8 51. Qb6 1-0


[Site "https://www.chess.com"]